 Dungeon Crawl Stone Soup version 0.29-a0-100-g60f898f876 (webtiles) character file.

Game seed: 7560509844844261153

219 kae the Ruffian (level 5, -1/40 (41) HPs)
             Began as a Draconian Transmuter on Feb 14, 2022.
             Killed from afar by Ijyb (13 damage)
             ... with an iceblast
             ... on level 4 of the Dungeon.
             The game lasted 00:02:06 (4033 turns).

kae the Ruffian (Draconian Transmuter)              Turns: 4033, Time: 00:02:07

HP:   -1/40 (41)    AC:  5    Str: 13    XL:     5   Next: 63%
MP:   3/8           EV: 12    Int: 15    God:
Gold: 139           SH:  0    Dex: 11    Spells: 1/9 levels left

rFire   . . .      SeeInvis .     - Unarmed
rCold   . . .      Faith    .   (no shield)
rNeg    . . .      Spirit   .   (armour unavailable)
rPois   .          Reflect  .   (helmet restricted)
rElec   .          Harm     .   (no cloak)
rCorr   .          Rampage  .   (no gloves)
Will    .....                   (no boots)
Stlth   +.........              (no amulet)
HPRegen 0.13/turn               (no ring)
MPRegen 0.11/turn               (no ring)

@: lightly drained
A: AC +5, unfitting armour, cold-blooded
a: no special abilities


You were on level 4 of the Dungeon.
You visited 1 branch of the dungeon, and saw 5 of its levels.

You collected 139 gold pieces.

Inventory:

Jewellery
 i - an amulet of faith
 j - a +6 ring of dexterity
 k - a ring of protection from fire
 m - the ring of Nolosiel {rPois Str+6 Dex+3}
   (You found it on level 4 of the Dungeon)

   [ring of strength]

   Str:       It affects your strength (+6).
   Dex:       It affects your dexterity (+3).
   rPois:     It protects you from poison.
 n - a +6 ring of strength
 o - a +6 ring of intelligence
Wands
 l - a wand of paralysis (12)
 r - a wand of acid (6)
Potions
 a - 3 potions of cancellation
 b - a potion of flight
 c - 2 potions of heal wounds
 d - 2 potions of brilliance
 e - a potion of mutation {unknown}
 f - a potion of curing {unknown}
 g - 2 potions of haste {unknown}
 h - a potion of magic {unknown}
 q - a potion of degeneration {unknown}


   Skills:
 + Level 2.2 Fighting
 + Level 2.3 Dodging
 * Level 4.0 Unarmed Combat
 + Level 2.5 Spellcasting
 * Level 3.4 Transmutations
 * Level 0.7 Ice Magic
 * Level 1.7 Poison Magic


You had one spell level left.
You knew the following spells:

 Your Spells              Type           Power      Damage    Failure   Level
a - Beastly Appendage     Tmut           24%        N/A       4%          1
b - Spider Form           Tmut/Pois      9%         N/A       22%         3
c - Ice Form              Ice/Tmut       8%         N/A       65%         4

Your spell library contained the following spells:

 Spells                   Type           Power      Damage    Failure   Level
 Summon Small Mammal      Summ           4%         N/A       22%         1
 Wereblood                Tmut           12%        N/A       8%          2
 Call Canine Familiar     Summ           1%         N/A       54%         3
 Summon Guardian Golem    Hex/Summ       1%         N/A       54%         3


Dungeon Overview and Level Annotations

Branches:
Dungeon (5/15)
 Temple: D:4-7

Altars:
Xom

Annotations:
D:4 Ijyb


Innate Abilities, Weirdness & Mutations

Your plain brown scales are hard. (AC +5)
You cannot fit into any form of body armour.
You are cold-blooded and may be slowed by cold attacks.


Message History

There is a stone staircase leading down here.
You climb downwards.
There is a stone staircase leading up here.
(D) Dungeon
Where to? (Enter - D:4 @ (x,y), ? - help)
There is a stone staircase leading down here.
You climb downwards.
Found a scroll labelled KASAWO UXZOO.
There is a stone staircase leading up here.
Ijyb is nearby!
You aren't carrying any scrolls.
Casting: Spider Form (quite dangerous; 22% risk of failure)
Confirm with . or Enter, or press ? or * to list all spells.
The spell is quite dangerous to miscast (22% risk of failure)!
Continue anyway? [Y]es or [N]o only, please.
The spell is quite dangerous to miscast (22% risk of failure)!
Continue anyway?
You miscast Spider Form.
You are very lightly contaminated with residual magic.
Nothing appears to happen.
You barely miss Ijyb. You barely miss Ijyb.
Ijyb hits you with a +2 antimagic dagger.
You feel your power leaking away.
Unknown command.
Ijyb hits you with a +2 antimagic dagger.
You feel your power leaking away.
You climb upwards.
There is a stone staircase leading down here.
Unknown command.
Okay, then.
You aren't carrying any scrolls.
Okay, then.
Your magical contamination has completely faded away.
Ijyb hits you with a +2 antimagic dagger.
Ijyb zaps a wand.
The mass of ice explodes!
The iceblast engulfs you! Ijyb screams, "Me kill you!"
Ijyb zaps a wand.
The mass of ice explodes!
The iceblast engulfs you!
* * * LOW HITPOINT WARNING * * *
Ijyb zaps a wand.
The mass of ice explodes!
The iceblast engulfs you!
You die...

#.##..##..# #.# ##'####.####
#.##..##..#######.# #..........
##.##...#....g...#.# #.##.......
...##.#.#.######.#.# ####.......
#####.#.#.# #g#.# #..........
..)...#.#.### #.#.####.##.#'####
..[.........# #.#.........#.#
#######...#.####.######†#..#.#
'##...........##@# #.#..#.#
###'####..#.#.##.# #.#..#.#
............#.##.######.#..#.#
......#.......##.#......#..#.#
......#...######.#.#########.####
###...#..>....##.#.##............
###...+.#........#.........##.###
#.#...###.......<#.........'..#
#...### #........#.........####


You could see Ijyb.

Vanquished Creatures
  A phantom (D:4)
  A hound (D:4)
  A centaur skeleton (D:4)
  An adder (D:2)
  2 dart slugs
  3 orcs (D:3)
  7 ball pythons
  5 endoplasms
  4 giant cockroaches
  9 goblins
  6 hobgoblins
  9 kobolds
  4 quokkas
  3 bats
  3 frilled lizards
  5 rats
64 creatures vanquished.

Notes
Turn   | Place    | Note
-------+----------+-------------------------------------------
     0 | D:1      | kae the Draconian Transmuter began the quest for the Orb.
     0 | D:1      | Reached XP level 1. HP: 16/16 MP: 3/3
   306 | D:1      | Reached XP level 2. HP: 6/23 MP: 3/5
  1552 | D:2      | Reached XP level 3. HP: 27/28 MP: 4/6
  1558 | D:2      | Learned a level 3 spell: Spider Form
  1728 | D:2      | Found a faded altar of an unknown god.
  2378 | D:3      | You fall into a shaft and drop 1 floor!
  2510 | D:4      | Identified the ring of Nolosiel {rPois Str+6 Dex+3}
  2591 | D:4      | Reached XP level 4. HP: 26/36 MP: 5/7
  2747 | D:4      | Noticed a phantom
  2762 | D:4      | Killed a phantom
  2763 | D:4      | Reached skill level 1 in Poison Magic
  2763 | D:4      | Reached XP level 5. HP: 16/41 MP: 5/8
  2771 | D:4      | Learned a level 4 spell: Ice Form
  3099 | D:4      | Found a large runed translucent door.
  3099 | D:4      | Found a large runed translucent door.
  3104 | D:4      | Found a shimmering altar of Xom.
  3778 | D:4      | Reached skill level 4 in Unarmed Combat
  4006 | D:5      | Entered Level 5 of the Dungeon
  4006 | D:5      | Noticed Ijyb
  4033 | D:4      | Killed from afar by Ijyb

Illustrated notes

Levels and vault maps discovered:
D:1:      lightli_arrival_noodles, layout_basic, serial_park_tiny_2
D:2:      layout_loops_cross, shapermc_ecumenical_altar_mp_vishouse,
          minmay_stone_trees_large, chequers_serial_rivers_room_b,
          minmay_circle_x
D:3:      layout_basic
D:4:      due_chaos_kobolds, layout_basic, minivault_4
D:5:      layout_cave_pools, uniq_ijyb

Skill      XL: |  1  2  3  4  5 |
---------------+----------------+-----
Dodging        | 2 |  2.3
Transmutations | 3 |  3.4
Fighting       | 2 |  2.2
Poison Magic   | 1 |  1.7
Unarmed Combat | 4 |  4.0
Spellcasting   | |  2.5
Ice Magic      | |  0.7

Action                   |  1- 3 |  4- 6 || total
-------------------------+-------+-------++-------
Melee: Unarmed           |   110 |    54 ||   164
       Kick              |    19 |     3 ||    22
       Tailslap          |    11 |     5 ||    16
       Headbutt          |     9 |     3 ||    12
       Punch             |     1 |     1 ||     2
 Cast: Beastly Appendage |    30 |     8 ||    38
       Spider Form       |       |     3 ||     3
  Use: Scroll            |     4 |     2 ||     6
       Potion            |     1 |       ||     1
Armor: Skin              |    42 |     9 ||    51
Dodge: Dodged            |    70 |    35 ||   105

Table legend: (Time is in decaauts)
 A = Elapsed time spent in this place.
 B = Non-inter-level travel time spent in this place.
 C = Inter-level travel time spent in this place.
 D = Time resting spent in this place.
 E = Time spent auto-exploring this place.
 F = Levels seen in this place.
 G = Mean time per level.
                   A        B        C        D        E       F      G
               +--------+--------+--------+--------+--------+-----+--------+
         Total |   4029 |   3912 |    117 |    100 |   3275 |   5 |  805.8 |
       Dungeon |   4029 |   3912 |    117 |    100 |   3275 |   5 |  805.8 |
               +--------+--------+--------+--------+--------+-----+--------+

Top non-repeatable levels by time:
     D:4: 1297 daAuts
     D:1: 1199 daAuts
     D:2: 1001 daAuts
     D:3: 526 daAuts
     D:5: 4 daAuts
